 Dungeon Crawl Stone Soup version 0.26-a0-663-g36e8fdb655 (webtiles) character file.

Game seed: 17996604408835444332

47 Drevant2 the Firebug (level 3, -3/19 HPs)
             Began as a Gargoyle Fire Elementalist on Oct 10, 2020.
             Slain by a gnoll (4 damage)
             ... on level 2 of the Dungeon.
             The game lasted 00:03:55 (1311 turns).

Drevant2 the Firebug (Gargoyle Fire Elementalist)   Turns: 1311, Time: 00:03:55

Health: -3/19      AC:  5    Str: 11    XL:     3   Next: 70%
Magic:  2/6        EV:  6    Int: 16    God:
Gold:   50         SH:  0    Dex: 10    Spells: 5/6 levels left

rFire    . . .     SeeInvis .   (no weapon)
rCold    . . .     Faith    .   (no shield)
rNeg     + . .     Spirit   .   a - +0 robe
rPois    ∞         Reflect  .   (no helmet)
rElec    +         Harm     .   (no cloak)
rCorr    .         Rampage  .   (no gloves)
MR       .....                  (no boots)
Stlth    ++........             (no amulet)
HPRegen  0.06/turn              (no ring)
MPRegen  0.10/turn              (no ring)

@: held
A: negative energy resistance 1, electricity resistance, unbreathing,
petrification resistance, rot immunity, AC +3
a: no special abilities


You were on level 2 of the Dungeon.
You visited 1 branch of the dungeon, and saw 2 of its levels.

You collected 50 gold pieces.

Inventory:

Armour
 a - a +0 robe (worn)
Jewellery
 f - an uncursed ring of poison resistance {unknown}
Scrolls
 b - 2 scrolls of identify {unknown}
 c - 2 scrolls of remove curse {unknown}
 d - a scroll of fog {unknown}
 e - a scroll of teleportation {unknown}


   Skills:
 - Level 1.5 Dodging
 - Level 2.1 Stealth
 - Level 2.0 Spellcasting
 + Level 1.4 Conjurations
 * Level 4.4 Fire Magic


You had 5 spell levels left.
You knew the following spells:

 Your Spells              Type           Power        Failure   Level
a - Foxfire               Conj/Fire      ##..         6%          1

Your spell library contained the following spells:

 Spells                   Type           Power        Failure   Level
 Conjure Flame            Conj/Fire      ##......     19%         3
 Inner Flame              Hex/Fire       #.......     26%         3
 Sticky Flame             Conj/Fire      ##......     52%         4
 Fireball                 Conj/Fire      ##........   86%         5


Dungeon Overview and Level Annotations

Branches:
Dungeon (2/15)

Altars:


Innate Abilities, Weirdness & Mutations

You are resistant to torment.
Your stone body is resilient. (AC +3)
You are immune to poison.
You resist negative energy. (rN+)
You are resistant to electric shocks. (rElec)
You can survive without breathing.
You are immune to petrification.
You are immune to rotting.


Message History

The kobold throws a stone.
The stone hits you but does no damage.
You struggle against the net.
The gnoll closely misses you.
The gnoll hits you from afar with a +0 spear!
Ouch! That really hurt!
A gnoll comes into view. It is wielding a +0 club.
Casting: Foxfire (safe; 6% risk of failure)
Confirm with . or Enter, or press ? or * to list all spells.
You conjure some foxfire!
The gnoll hits you from afar with a +0 spear.
* * * LOW HITPOINT WARNING * * *
The gnoll hits you from afar with a +0 halberd.
* * * LOW HITPOINT WARNING * * *
The foxfire hits the kobold.
You kill the kobold!
Unknown command.
You struggle against the net.
The foxfire hits the gnoll but does no damage.
The gnoll is moderately wounded.
The gnoll hits you.
You die...

. ......... #.
........# #.##.#... .#
##.......##.#
###..#......#.+
..............#
.........).#.##
.......(.g@...##
.K..g.$.g..§...#
.....w..g....#)## .
............##..#### ..
............#......#...
..§..................#
..§...............##.#
...........###.†.....#
...>.....##......#####


You could see a worm and 4 gnolls.

Vanquished Creatures
  An adder (D:2)
  An ooze (D:1)
  A dart slug (D:1)
  2 leopard geckos (D:1)
  3 bats
  4 giant cockroaches (D:1)
  4 goblins (D:1)
  2 hobgoblins (D:1)
  2 frilled lizards (D:1)
  7 kobolds
  A rat (D:1)
28 creatures vanquished.

Vanquished Creatures (others)
  78 foxfires
78 creatures vanquished.

Grand Total: 106 creatures vanquished

Notes
Turn   | Place    | Note
-------+----------+-------------------------------------------
     0 | D:1      | Drevant2 the Gargoyle Fire Elementalist began the quest for
                  | the Orb.
     0 | D:1      | Reached XP level 1. HP: 10/10 MP: 3/3
   318 | D:1      | Reached XP level 2. HP: 6/15 MP: 0/5
   651 | D:1      | Reached skill level 4 in Fire Magic
   792 | D:1      | Reached XP level 3. HP: 19/19 MP: 3/6
  1311 | D:2      | Slain by a gnoll

Illustrated notes

Levels and vault maps discovered:
D:1:      scummos_arrival_star, layout_basic
D:2:      layout_rooms, marbit_many_paths, gammafunk_temple_overflow_pools

Skill      XL: |  1  2 |
---------------+-------+-----
Fire Magic     | 4 |  4.4
Dodging        | |  1.5
Stealth        | |  2.1
Spellcasting   | |  2.0
Conjurations   | |  1.4

Action                   || total
-------------------------++-------
Melee: Unarmed           ||    36
 Cast: Foxfire           ||    52
Armor: Robe              ||    20
Dodge: Dodged            ||    46

Table legend: (Time is in decaauts)
 A = Elapsed time spent in this place.
 B = Non-inter-level travel time spent in this place.
 C = Inter-level travel time spent in this place.
 D = Time resting spent in this place.
 E = Time spent auto-exploring this place.
 F = Levels seen in this place.
 G = Mean time per level.
                   A        B        C        D        E       F      G
               +--------+--------+--------+--------+--------+-----+--------+
         Total |   1310 |   1299 |     11 |    508 |    520 |   2 |  655.0 |
       Dungeon |   1310 |   1299 |     11 |    508 |    520 |   2 |  655.0 |
               +--------+--------+--------+--------+--------+-----+--------+

Top non-repeatable levels by time:
     D:1: 1206 daAuts
     D:2: 104 daAuts
